 Dungeon Crawl Stone Soup version 0.20.1-1-g8b1a95d (webtiles) character file.

610968 Principatus the Ruinous (level 26, -10/172 HPs)
             Began as a Deep Elf Wizard on Aug 1, 2017.
             Was the Champion of Vehumet.
             Killed from afar by an orb of fire (27 damage)
             ... with a bolt of fire
             ... on level 3 of the Realm of Zot on Aug 2, 2017.
             The game lasted 12:06:23 (86842 turns).

Principatus the Ruinous (Deep Elf Wizard)          Turns: 86842, Time: 12:06:24

Health: -10/172    AC: 25    Str:  6 (9)  XL:     26   Next: 76%
Magic:  20/58      EV: 14    Int: 35 (38) God:    Vehumet [******]
Gold:   4144       SH:  9    Dex: 19      Spells: 3/63 levels left

rFire    + + .     SeeInvis +   b - staff of power
rCold    + + +     Gourm    .   c - +3 buckler {rC+}
rNeg     . . .     Faith    .   q - +7 Kryia's mail coat {PotionHeal*2 rC+}
rPois    +         Spirit   .   y - +0 helmet of the Lonely Continents {Int+4}
rElec    +         Reflect  .   a - +2 cloak
rCorr    +         Harm     .   o - +2 pair of gloves {Dex+3}
MR       +++++                  n - +2 pair of boots
Stlth    ++........             (no amulet)
Regen    0.4/turn               S - ring of Acopt {rCorr +Blink rPois MR++ Dex+3}
MPRegen  0.4/turn               C - ring "Kuha" {rPois rF+ MR+ Int+3 SInv}

@: resistant, hasted, very quick
A: talons 1, yellow scales 1, blurry vision 1, deformed body, deterioration 2,
low mp 1, no potion heal 1, MP-powered wands
}: 3/15 runes: decaying, serpentine, silver
a: Renounce Religion, Evoke Blink


You were on level 3 of the Realm of Zot.
You worshipped Vehumet.
Vehumet was exalted by your worship.
You were hungry.

You visited 11 branches of the dungeon, and saw 51 of its levels.
You visited 1 bazaar.
You also visited: Labyrinth and Bailey.

You collected 6139 gold pieces.
You spent 1995 gold pieces at shops.

Inventory:

Hand Weapons
 L - a +8 demon whip of electrocution
Armour
 a - a +2 cloak (worn)
 c - a +3 buckler of cold resistance (worn)
 n - a +2 pair of boots (worn)
 o - a +2 pair of gloves of dexterity (worn)
 q - the +7 Kryia's mail coat (worn) {PotionHeal*2 rC+}
   (You found it on level 4 of the Depths)

   It protects you from cold.
 y - the +0 helmet of the Lonely Continents (worn) {Int+4}
   (You found it on level 2 of the Snake Pit)

   It affects your intelligence (+4).
 K - a +2 pair of boots of flying
 U - quicksilver dragon scales
Magical Staves
 b - an uncursed staff of power (weapon)
 u - an uncursed staff of energy
Jewellery
 f - the ring of Jitairaa {+Fly rElec rN+}
   (You found it on level 15 of the Dungeon)

   [ring of flight]

   It insulates you from electricity.
   It protects you from negative energy.
   It lets you fly.
 C - the ring "Kuha" (right hand) {rPois rF+ MR+ Int+3 SInv}
   (You took it off a vault warden on level 5 of the Vaults)

   [ring of protection from fire]

   It affects your intelligence (+3).
   It protects you from fire.
   It protects you from poison.
   It affects your resistance to hostile enchantments.
   It lets you see invisible.
 N - an uncursed ring of fire
 S - the ring of Acopt (left hand) {rCorr +Blink rPois MR++ Dex+3}
   (You found it on level 15 of the Dungeon)

   [ring of resist corrosion]

   It affects your dexterity (+3).
   It protects you from poison.
   It affects your resistance to hostile enchantments.
   It lets you blink.
Wands
 g - a wand of acid (15/15)
 j - a wand of digging (11/24)
 G - a wand of digging (23/24)
Scrolls
 h - 3 scrolls of vulnerability
 l - 18 scrolls of teleportation
 m - 3 scrolls of identify
 p - 15 scrolls of recharging
 r - 2 scrolls of enchant armour
 s - 3 scrolls of magic mapping
 B - 12 scrolls of fear
 D - 29 scrolls of remove curse
 I - 3 scrolls of immolation
 O - 2 scrolls of amnesia
 P - 4 scrolls of blinking
 Q - a scroll of brand weapon
 Y - 3 scrolls of fog
Potions
 e - 9 potions of brilliance
 k - a potion of might
 v - 2 potions of mutation
 w - 7 potions of haste
 z - 4 potions of curing
 E - 3 potions of invisibility
 F - 5 potions of agility
 T - 3 potions of magic
 V - 2 potions of cancellation
Books
 A - a book of Enchantments

   Spells                             Type                      Level
   a - Cause Fear                     Hexes                        4
   b - Yara's Violent Unravelling     Hexes/Transmutation          5
   c - Silence                        Hexes/Air                    5
   d - Deflect Missiles               Charms/Air                   6
   e - Discord                        Hexes                        8
 H - a book of Flames

   Spells                             Type                      Level
   a - Flame Tongue                   Conjuration/Fire             1
   b - Throw Flame                    Conjuration/Fire             2
   c - Conjure Flame                  Conjuration/Fire             3
   d - Inner Flame                    Hexes/Fire                   3
   e - Sticky Flame                   Conjuration/Fire             4
   f - Fireball                       Conjuration/Fire             5
 J - a book of Power

   Spells                             Type                      Level
   a - Iskenderun's Battlesphere      Conjuration/Charms           5
   b - Venom Bolt                     Conjuration/Poison           5
   c - Bolt of Magma                  Conjuration/Fire/Earth       5
   d - Iron Shot                      Conjuration/Earth            6
   e - Orb of Destruction             Conjuration                  7
   f - Spellforged Servitor           Conjuration/Summoning        7
 R - a book of the Warp

   Spells                             Type                      Level
   a - Gell's Gravitas                Translocation                3
   b - Portal Projectile              Hexes/Translocation          3
   c - Force Lance                    Conjuration/Translocation    4
   d - Dispersal                      Translocation                6
   e - Controlled Blink               Translocation                8
   f - Disjunction                    Translocation                8
Miscellaneous
 W - 4 boxes of beasts
 Z - a phial of floods
Comestibles
 d - 30 bread rations
 i - 21 meat rations
 t - 12 fruits


   Skills:
 * Level 19.4 Fighting
 - Level 8.1 Armour
 - Level 17.9 Dodging
 - Level 7.0 Stealth
 - Level 4.8 Shields
 - Level 19.1 Spellcasting
 - Level 23.7 Conjurations
 - Level 15.2 Charms
 - Level 10.5 Summonings
 - Level 12.5 Translocations
 - Level 22.2 Fire Magic
 - Level 2.2 Air Magic
 - Level 9.6 Poison Magic


You had 3 spell levels left.
You knew the following spells:

 Your Spells              Type           Power        Failure   Level  Hunger
a - Magic Dart            Conj           ####         0%          1    None
b - Blink                 Tloc           N/A          1%          2    None
c - Poison Arrow          Conj/Pois      ########..   1%          6    None
d - Conjure Flame         Conj/Fire      ########     0%          3    None
e - Mephitic Cloud        Conj/Pois/Air  #######.     1%          3    None
f - Olgreb's Toxic Radia  Pois           #######.     1%          4    None
g - Iskenderun's Battles  Conj/Chrm      ########     1%          5    None
h - Bolt of Fire          Conj/Fire      ########..   1%          6    None
i - Ring of Flames        Chrm/Fire      ########..   3%          7    ##.....
j - Ignition              Fire           ########..   2%          8    ####...
k - Apportation           Tloc           ######       1%          1    None
l - Spellforged Servitor  Conj/Summ      ########..   2%          7    ##.....
m - Orb of Destruction    Conj           ########..   1%          7    ##.....


Dungeon Overview and Level Annotations

Branches:
Dungeon (15/15)            Temple (1/1) D:4            Lair (6/6) D:11
  Swamp (4/4) Lair:2        Snake (4/4) Lair:2        Slime (3/5) Lair:5
    Orc (2/2) D:10            Elf (3/3) Orc:2        Vaults (5/5) D:13
  Crypt (0/3) Vaults:2     Depths (5/5) D:15            Zot (3/5) Depths:5

Altars:
Ashenzari
Elyvilon
Makhleb
Nemelex Xobeh
Okawaru
Ru
Vehumet
Xom
Yredelemnul
Zin
Beogh

Shops:
Orc:2 (![(   Elf:2 %%?   Snake:2 }==   Vaults:2 [   Depths:5 =(

Portals:
Hell: Depths:1 Depths:2 Depths:3 Depths:4 Depths:5
Abyss: Depths:3 Depths:4
Pandemonium: Depths:3
Ziggurat: Depths:5
Trove: D:13 (give 9 potions of agility)

Annotations:
D:5 Menkaure, Pikel
D:6 1 exclusion
D:10 exclusion: gargoyle
D:15 1 exclusion
Vaults:5 3 exclusions


Innate Abilities, Weirdness & Mutations

You have sharp toenails.
You are partially covered in yellow scales. (AC +2)
Scrolls take you a little longer to read.
Armour fits poorly on your strangely shaped body.
Your body often deteriorates upon taking damage.
Your magical capacity is low. (-10% MP)
Potions are less effective at restoring your health.
You expend magic power (3 MP) to strengthen your wands.


Message History

The +7 Kryia's mail coat enhances the healing.
You feel better.
The +7 Kryia's mail coat enhances the healing.
You feel better.
Your spellforged servitor launches a ball of destructive magic.
The orb of fire glows red.
Strange energies course through your body.
Yellow scales grow over part of your body.
Something tentacle-slaps your spellforged servitor! x2
Something tentacle-slaps your spellforged servitor but does no damage.
Something closely misses your spellforged servitor.
Your orb of destruction hits a rock wall.
The orb of fire glows red.
The fireball explodes!
The fireball engulfs you! You resist.
* * * LOW HITPOINT WARNING * * *
Your body deteriorates!
You feel weakened.
You feel protected.
The orb of fire glows bright magenta.
The bolt of fire hits you! You resist.
You die...

#.#.#.#..#,* ###
#.#.X...>#.########## #..
#8*...#.##..........###.#
#######.#***#..⌠......#.#
#...8.# #.#######.#.#
#8##### #.#### #.#.. #*#
#....# #.###
#§############.# #....
#§..*.@.....##.# #####
###########....# ######


You could see an orb of fire.

Vanquished Creatures
  An orb of fire (Zot:2)
  Mara (Vaults:4)
  Sojobo (Vaults:4)
  Boris (Depths:4)
  Xtahua (Vaults:5)
  7 golden dragons
  Jory (Vaults:4)
  An electric golem (Zot:2)
  A bone dragon (Depths:5)
  5 liches
  The ghost of Gargoyl the Tortoise, an adept MiAK of Lugonu (Vaults:2)
  13 tentacled monstrosities
  3 titans
  3 quicksilver dragons
  2 deep elf blademasters (Elf:3)
  3 deep elf master archers (Elf:3)
  4 acid blobs
  4 death cobs
  2 thorn hunters (Swamp:4)
  7 shadow dragons
  A draconian monk (Zot:1)
  Kirke (D:15)
  Donald (Swamp:4)
  11 storm dragons
  6 sphinxes
  14 tengu reavers
  12 nagarajas (Snake:4)
  An iron dragon (Depths:3)
  12 deep elf sorcerers
  7 fire giants
  Louise (Depths:3)
  3 draconian scorchers
  2 draconian knights
  14 frost giants
  3 ghost moths
  2 orc warlords
  A draconian stormcaller (Zot:2)
  Aizul (Swamp:1)
  15 vault wardens
  4 draconian shifters
  17 ironheart preservers
  10 deep elf elementalists
  A ghoul (Vaults:5)
  A war gargoyle (Vaults:5)
  5 draconian annihilators
  18 stone giants
  2 very ugly things
  An entropy weaver (Vaults:1)
  5 vampire knights
  The ghost of toffzen the Brawler, a journeyman VSBe of Trog (D:15)
  2 black draconians
  5 green draconians
  8 deep elf annihilators
  8 purple draconians
  Azrael (D:15)
  A white draconian (Zot:2)
  8 deep elf demonologists
  5 yellow draconians
  7 red draconians
  6 spark wasps (Depths:3)
  4 deep elf death magi
  17 ettins
  A death ooze (Slime:1)
  A minotaur (Lab)
  7 deep elf high priests
  3 jiangshi (Depths:2)
  Erolcha (D:10)
  12 ice dragons
  16 yaktaur captains
  8 fire dragons
  31 naga warriors
  Harold (Orc:1)
  29 hydras
  13 great orbs of eyes
  29 vault guards
  5 rakshasas
  4 spriggan air magi
  5 death knights
  A catoblepas (D:14)
  49 two-headed ogres
  5 centaur warriors
  A satyr (shapeshifter) (Vaults:5)
  8 anacondas
  37 dancing weapons
  Erica (D:10)
  12 tengu warriors
  An anaconda (shapeshifter) (Vaults:3)
  2 ghost crabs
  8 deep troll shamans
  17 ogre magi
  A queen ant (shapeshifter) (Vaults:5)
  A two-headed ogre (shapeshifter) (Depths:1)
  8 alligators
  23 naga sharpshooters
  4 vampire magi
  8 death yaks
  4 spriggan berserkers
  15 deep troll earth magi
  5 orc high priests
  31 deep elf knights
  A storm dragon zombie (Vaults:3)
  3 shock serpents
  9 hell knights
  3 iron trolls
  A fire crab (shapeshifter) (Depths:3)
  7 skeletal warriors
  A shadow wraith (Vaults:4)
  2 salamander mystics (Snake:2)
  A spriggan druid (Swamp:2)
  2 death drakes (Depths:4)
  3 unseen horrors
  An unseen horror (shapeshifter) (D:13)
  3 glowing orange brains
  31 deep trolls
  3 wizards
  A glowing orange brain (shapeshifter) (Depths:5)
  2 lindwurms (Depths:4)
  10 naga ritualists
  12 deep elf archers
  An obsidian statue (Vaults:4)
  A shambling mangrove (Swamp:4)
  7 necromancers
  6 phantasmal warriors
  16 orc knights
  8 swamp dragons
  12 ironbrand convokers
  A wolf spider zombie (D:14)
  63 deep elf magi
  5 mana vipers
  8 harpies
  A mana viper (shapeshifter) (Vaults:5)
  A fire giant zombie (Vaults:1)
  A stone giant zombie (Vaults:4)
  6 wolf spiders
  A sphinx skeleton (Vaults:4)
  8 orc sorcerers
  A manticore (shapeshifter) (Depths:2)
  7 shining eyes
  6 cyclopes
  36 ugly things
  An orb spider (shapeshifter) (Depths:1)
  42 black mambas
  12 elephants
  18 moths of wrath
  11 salamanders
  2 manticores
  An orc zombie (Vaults:2)
  9 guardian serpents
  2 centaur zombies
  17 naga magi
  A torpor snail (Lair:5)
  41 spiny frogs
  12 vault sentinels
  A stone giant skeleton (Vaults:3)
  2 gargoyles
  5 spectral swamp worms (Depths:5)
  A spiny frog (shapeshifter) (Vaults:1)
  5 centaur skeletons (D:15)
  15 rime drakes
  5 komodo dragons
  49 yaktaurs
  6 freezing wraiths
  An efreet (D:14)
  A komodo dragon (shapeshifter) (Vaults:2)
  A kobold demonologist (D:15)
  A redback zombie (D:13)
  2 guardian mummies (D:13)
  6 tengu conjurers
  10 trolls
  3 meliai (D:15)
  A jumping spider (shapeshifter) (Vaults:5)
  A meliai (shapeshifter) (D:15)
  9 tyrant leeches
  13 hornets
  A human skeleton (Vaults:2)
  2 polar bears (shapeshifter)
  Grinder (D:3)
  A hornet (shapeshifter) (Vaults:4)
  A polar bear (D:11)
  12 bog bodies
  A wolf spider simulacrum (Vaults:1)
  An ettin zombie (Vaults:2)
  29 blink frogs
  7 dream sheep (Lair:6)
  A dream sheep (shapeshifter) (Depths:1)
  A sphinx simulacrum (Vaults:4)
  Prince Ribbit (D:5)
  64 slime creatures
  2 centaur simulacra (D:14)
  7 hippogriffs
  17 spriggans
  8 air elementals
  A tarantella (shapeshifter) (Vaults:1)
  5 wyverns
  6 wraiths
  3 shadows
  8 fire elementals
  A vampire (D:14)
  5 water elementals
  A wyvern (shapeshifter) (Vaults:4)
  2 hogs (D:15)
  A yak (shapeshifter) (Vaults:1)
  2 basilisks
  4 golden eyes (Slime:2)
  8 steam dragons (Lair:3)
  37 yaks
  19 swamp worms
  2 hungry ghosts (D:15)
  17 wargs
  24 vampire mosquitoes
  5 insubstantial wisps (Swamp:1)
  63 nagas
  9 water moccasins
  A soldier ant (shapeshifter) (Depths:2)
  6 acid dragons
  A floating eye (shapeshifter) (Depths:3)
  An ogre zombie (Vaults:1)
  A porcupine (shapeshifter) (Vaults:2)
  5 hell hounds
  10 swamp drakes
  3 floating eyes
  5 porcupines
  2 human zombies
  A sky beast (D:6)
  A black bear (D:12)
  61 orc warriors
  2 slaves (D:5)
  3 eyes of draining
  57 ogres
  5 ice beasts
  28 boggarts
  6 phantoms
  An eye of draining (shapeshifter) (Depths:4)
  A necrophage (D:9)
  12 centaurs
  4 wolves
  A wolf (shapeshifter) (Vaults:5)
  12 crocodiles
  2 big kobolds
  A bullfrog (shapeshifter) (Depths:3)
  A gnoll sergeant (D:9)
  25 bullfrogs
  A wyvern zombie (D:8)
  2 earth elementals (Elf:1)
  4 wyvern skeletons
  4 scorpions
  6 killer bees
  16 wights
  6 electric eels
  6 howler monkeys
  2 bullfrog zombies
  8 crimson imps
  2 human simulacra
  Crazy Yiuf (D:6)
  29 orc priests
  2 hounds
  8 jellies
  24 orc wizards
  3 bullfrog skeletons
  An iron imp (Depths:3)
  Ijyb (D:5)
  7 iguanas
  14 worker ants
  2 hound skeletons
  A hound zombie (D:3)
  A worker ant zombie (D:9)
  2 howler monkey skeletons
  14 adders
  10 gnolls
  2 hound simulacra (D:11)
  4 shadow imps
  A white imp (D:11)
  An ufetubus (D:11)
  5 oozes
  An adder skeleton (D:6)
  3 dart slugs
  4 leopard geckos
  131 orcs
  3 giant cockroaches
  17 goblins
  13 hobgoblins
  10 jackals
  6 quokkas
  3 ball pythons
  5 bats
  4 frilled lizards
  18 kobolds
  A quokka zombie (D:5)
  6 rats
  2 crawling corpses (Vaults:2)
  2 plants
2372 creatures vanquished.

Vanquished Creatures (collateral kills)
  An orb of fire (Zot:2)
  2 curse toes (Zot:2)
  5 tentacled monstrosities
  A quicksilver dragon (Zot:2)
  An acid blob (Slime:1)
  5 tengu reavers
  3 storm dragons
  2 sphinxes
  A death cob (Zot:1)
  2 deep elf sorcerers (Vaults:5)
  3 fire giants
  A draconian knight (Depths:5)
  2 draconian scorchers (Depths:4)
  A vault warden (Vaults:5)
  2 very ugly things
  A vampire knight (Depths:5)
  An entropy weaver (shapeshifter) (Depths:5)
  A green draconian (Zot:2)
  A yellow draconian (Zot:1)
  3 white draconians
  A black draconian (Zot:2)
  2 purple draconians
  2 red draconians
  2 ettins
  A fire dragon (Depths:5)
  3 yaktaur captains
  A great orb of eyes (Vaults:5)
  An ice dragon (Vaults:5)
  An ogre mage (Vaults:5)
  2 two-headed ogres
  2 deep troll shamans (Depths:5)
  A tengu warrior (Depths:5)
  A deep troll earth mage (Depths:4)
  A spriggan berserker (Depths:3)
  A deep elf knight (Vaults:4)
  A hell knight (Depths:5)
  2 iron trolls (Depths:5)
  A deep troll (Depths:4)
  The ghost of Kagerus the Protected, a novice HuFi (Bailey)
  An ironbrand convoker (Vaults:5)
  A lindwurm (shapeshifter) (Vaults:5)
  An ugly thing (Depths:5)
  An orc knight (Vaults:5)
  An oklob plant (Depths:4)
  An orc sorcerer (Vaults:5)
  A deep elf mage (Vaults:4)
  3 moths of wrath (Zot:2)
  A freezing wraith (Vaults:4)
  A yaktaur (Depths:5)
  A jumping spider (shapeshifter) (Depths:5)
  5 slime creatures
  A wyvern (D:9)
  Eustachio (D:6)
  2 swamp drakes (Depths:4)
  A sky beast (D:8)
  An ice beast (D:10)
  An orc warrior (Vaults:5)
  A slave (D:5)
  3 centaurs (D:8)
  2 ogres
  A big kobold (D:10)
  3 bullfrogs
  2 wights (D:9)
  A howler monkey (D:9)
  2 crimson imps (Depths:4)
  A bullfrog zombie (D:5)
  An orc wizard (D:4)
  A hound (D:8)
  3 orc priests
  A centaur skeleton (D:4)
  An iguana (D:6)
  3 worker ants
  A hound zombie (D:10)
  3 adders
  3 orcs (D:4)
  A kobold (D:10)
  A quokka (D:5)
126 creatures vanquished.

Vanquished Creatures (others)
  A tengu reaver (Vaults:5)
  A deep troll shaman (Depths:3)
  A manticore (D:15)
  3 blink frogs (Lair:5)
  A steam dragon (Lair:3)
  A naga (Snake:4)
  A bullfrog (D:15)
  A shadow imp (D:11)
  An orc (Vaults:5)
  18 fungi
  43 plants
72 creatures vanquished.

Grand Total: 2570 creatures vanquished

Notes
Turn   | Place    | Note
-------+----------+-------------------------------------------
     0 | D:1      | Principatus the Deep Elf Wizard began the quest for the Orb.
     0 | D:1      | Reached XP level 1. HP: 10/10 MP: 7/7
   163 | D:1      | Reached XP level 2. HP: 15/15 MP: 1/9
   326 | D:1      | Found a shattered altar of Ashenzari.
   350 | D:1      | Reached skill level 2 in Conjurations
   721 | D:1      | Reached XP level 3. HP: 19/19 MP: 7/11
   985 | D:2      | Learned a level 2 spell: Blink
   988 | D:2      | Learned a level 2 spell: Call Imp
   992 | D:2      | Learned a level 3 spell: Conjure Flame
   996 | D:2      | Learned a level 3 spell: Mephitic Cloud
  1107 | D:2      | Reached skill level 5 in Spellcasting
  1562 | D:2      | Reached XP level 4. HP: 19/24 MP: 7/13
  1933 | D:3      | Gained mutation: You have a pair of small antennae on your head. [potion of mutation]
  1933 | D:3      | Gained mutation: Your body sometimes deteriorates upon taking damage. [potion of mutation]
  1933 | D:3      | Gained mutation: Armour fits poorly on your strangely shaped body. [potion of mutation]
  1933 | D:3      | Gained mutation: Your flesh is heat resistant. (rF+) [potion of mutation]
  1934 | D:3      | Lost mutation: Armour fits poorly on your strangely shaped body. [potion of mutation]
  1934 | D:3      | Lost mutation: Your body sometimes deteriorates upon taking damage. [potion of mutation]
  1934 | D:3      | Lost mutation: You have a pair of small antennae on your head. [potion of mutation]
  1934 | D:3      | Lost mutation: Your flesh is heat resistant. (rF+) [potion of mutation]
  1934 | D:3      | Gained mutation: Your mind is acute. (Int +2) [potion of mutation]
  1934 | D:3      | Gained mutation: Potions are less effective at restoring your health. [potion of mutation]
  1934 | D:3      | Gained mutation: You are partially covered in rugged brown scales. (AC +1, +3% HP) [potion of mutation]
  1951 | D:3      | Reached skill level 1 in Air Magic
  1996 | D:3      | Reached skill level 3 in Conjurations
  1996 | D:3      | Reached skill level 1 in Poison Magic
  2249 | D:3      | Reached skill level 1 in Fire Magic
  2389 | D:3      | Reached XP level 5. HP: 28/28 MP: 14/14
  2486 | D:3      | Noticed Grinder
  2527 | D:3      | Killed Grinder
  2527 | D:3      | Reached skill level 4 in Conjurations
  2527 | D:3      | Reached XP level 6. HP: 23/32 MP: 5/15
  3066 | D:4      | Reached XP level 7. HP: 37/37 MP: 11/16
  3409 | D:4      | Reached skill level 5 in Dodging
  3653 | D:4      | Reached skill level 5 in Conjurations
  3827 | D:4      | Found a staircase to the Ecumenical Temple.
  3871 | Temple   | Entered the Ecumenical Temple
  3949 | Temple   | Became a worshipper of Vehumet
  4096 | D:5      | Entered Level 5 of the Dungeon
  4100 | D:5      | Noticed Prince Ribbit
  4110 | D:5      | Killed Prince Ribbit
  4110 | D:5      | Reached XP level 8. HP: 42/42 MP: 17/17
  4233 | D:5      | Noticed a two-headed ogre
  4241 | D:5      | Noticed Pikel
  4512 | D:5      | Learned a level 4 spell: Olgreb's Toxic Radiance
  4600 | D:5      | Noticed Ijyb
  4628 | D:5      | Noticed Menkaure
  4810 | D:4      | Reached skill level 1 in Fighting
  5046 | D:5      | Reached * piety under Vehumet
  5046 | D:5      | Offered knowledge of Freeze by Vehumet.
  5465 | D:6      | Noticed Eustachio
  5873 | D:5      | Killed Ijyb
  6059 | D:6      | Reached skill level 5 in Poison Magic
  6133 | D:6      | Killed Eustachio
  6499 | D:6      | Reached XP level 9. HP: 47/50 MP: 18/18
  6831 | D:6      | Got a shimmering chain mail
  6933 | D:6      | Identified the +3 chain mail of Xyrrig {MR+ Slay+2 Stlth-} (You found it on level 6 of the Dungeon)
  7019 | D:6      | Got an ichor-stained leather armour
  7040 | D:6      | Identified the +1 leather armour of the Bulwark {Int+2} (You found it on level 6 of the Dungeon)
  7175 | D:5      | Killed a two-headed ogre
  7175 | D:5      | Reached skill level 10 in Dodging
  7515 | D:6      | Found a runed door.
  7519 | D:6      | Noticed Crazy Yiuf
  7524 | D:6      | Killed Crazy Yiuf
  7792 | D:7      | Offered knowledge of Flame Tongue by Vehumet.
  7813 | D:7      | Reached ** piety under Vehumet
  8812 | D:8      | Reached XP level 10. HP: 47/58 MP: 19/19
  8922 | D:8      | Noticed a two-headed ogre
  8944 | D:8      | Offered knowledge of Throw Flame by Vehumet.
  8950 | D:8      | Killed a two-headed ogre
  9751 | D:9      | Reached *** piety under Vehumet
  9754 | D:9      | Noticed a two-headed ogre
  9775 | D:9      | Killed a two-headed ogre
  9775 | D:9      | Reached skill level 5 in Fighting
 10574 | D:9      | Reached skill level 5 in Stealth
 10582 | D:9      | Offered knowledge of Force Lance by Vehumet.
 10994 | D:10     | Entered Level 10 of the Dungeon
 10994 | D:10     | Noticed a gargoyle
 11534 | D:10     | Found a flagged portal.
 11546 | Bailey   | Entered a bailey
 11551 | Bailey   | Noticed Kagerus's ghost (novice HuFi)
 11571 | Bailey   | Killed Kagerus's ghost
 11952 | D:10     | Reached **** piety under Vehumet
 11954 | D:10     | Found a staircase to the Orcish Mines.
 11966 | D:10     | Reached XP level 11. HP: 61/65 MP: 17/23
 12290 | D:10     | Noticed Erolcha
 12290 | D:10     | Noticed a white ugly thing
 12296 | D:10     | Paralysed by Erolcha for 2 turns
 12592 | D:10     | Noticed a two-headed ogre
 12607 | D:10     | Killed a two-headed ogre
 12631 | D:10     | Noticed Erica
 12652 | D:10     | Killed Erica
 12905 | D:11     | Noticed a two-headed ogre
 12909 | D:10     | Offered knowledge of Iskenderun's Battlesphere by Vehumet.
 12916 | D:10     | Learned a level 5 spell: Iskenderun's Battlesphere
 13005 | D:11     | Reached skill level 1 in Shields
 13184 | D:11     | Found a staircase to the Lair.
 13189 | D:11     | Noticed a centaur warrior
 13459 | D:10     | Killed Erolcha
 13459 | D:10     | Reached skill level 6 in Conjurations
 13756 | Lair:1   | Entered Level 1 of the Lair of Beasts
 14057 | Lair:1   | Reached skill level 7 in Conjurations
 14419 | Lair:1   | Noticed a five-headed hydra
 14436 | Lair:1   | Killed a five-headed hydra
 14496 | Lair:1   | Reached skill level 8 in Conjurations
 14917 | Lair:2   | Got a shimmering ring mail
 14937 | Lair:2   | Identified the +1 ring mail of Benevolence {Int+4} (You found it on level 2 of the Lair of Beasts)
 15098 | Lair:2   | Found a staircase to the Swamp.
 15139 | Lair:2   | Reached skill level 9 in Conjurations
 15143 | Lair:2   | Reached XP level 12. HP: 65/74 MP: 23/24
 15180 | Lair:2   | You fall through a shaft!
 15182 | Lair:3   | Noticed a death yak
 15287 | Lair:3   | Noticed a death yak
 15287 | Lair:3   | Killed a death yak
 15402 | Lair:3   | Noticed a death yak
 15418 | Lair:3   | Noticed a death yak
 15422 | Lair:3   | Killed a death yak
 15437 | Lair:3   | Killed a death yak
 15437 | Lair:3   | Reached skill level 10 in Conjurations
 15448 | Lair:3   | Killed a death yak
 15543 | Lair:3   | Got a crude robe
 15619 | Lair:2   | Identified the cursed +0 robe "Xeynupn" {rElec rC- rN+} (You found it on level 3 of the Lair of Beasts)
 15809 | Lair:2   | Found a staircase to the Snake Pit.
 16227 | Lair:2   | Reached ***** piety under Vehumet
 16227 | Lair:2   | Offered knowledge of Bolt of Fire by Vehumet.
 16227 | Lair:2   | Reached skill level 11 in Conjurations
 16569 | Lair:2   | Learned a level 6 spell: Bolt of Fire
 16808 | Lair:3   | Reached skill level 5 in Fire Magic
 17286 | Lair:3   | Reached XP level 13. HP: 81/81 MP: 28/28
 17590 | Lair:3   | Reached skill level 1 in Armour
 18659 | Lair:3   | Reached skill level 10 in Spellcasting
 20374 | Lair:5   | Got a jewelled quarterstaff
 20388 | Lair:5   | Identified the cursed +1 quarterstaff of Qoj Tuge {vamp, +Inv rElec rF+ rC+} (You found it on level 5 of the Lair of Beasts)
 20499 | Lair:5   | Found a staircase to the Slime Pits.
 21372 | Lair:6   | Entered Level 6 of the Lair of Beasts
 21664 | Lair:6   | Offered knowledge of Sticky Flame by Vehumet.
 21797 | Lair:6   | Reached XP level 14. HP: 81/88 MP: 31/31
 22027 | Lair:6   | Reached skill level 5 in Armour
 22422 | Lair:6   | Reached skill level 10 in Fighting
 22887 | Lair:6   | Reached skill level 10 in Fire Magic
 23814 | Orc:1    | Entered Level 1 of the Orcish Mines
 23893 | Orc:1    | Noticed a stone giant
 23899 | Orc:1    | Killed a stone giant
 24181 | Orc:1    | Noticed Harold
 24191 | Orc:1    | Killed Harold
 24446 | Orc:1    | Offered knowledge of Spellforged Servitor by Vehumet.
 24533 | Orc:2    | Entered Level 2 of the Orcish Mines
 24656 | Orc:2    | Found a roughly hewn altar of Beogh.
 24656 | Orc:2    | Found Virchebim's Weapon Shop.
 24900 | Orc:2    | Found a roughly hewn altar of Beogh.
 24929 | Orc:2    | Found Acrab's Distillery.
 25024 | Orc:2    | Reached ****** piety under Vehumet
 25263 | Orc:2    | Noticed an orc warlord
 25265 | Orc:2    | Offered knowledge of Poison Arrow by Vehumet.
 25316 | Orc:2    | Killed an orc warlord
 25406 | Orc:2    | Found Gasias's Antique Weapon Shop.
 25407 | Orc:2    | Found a roughly hewn altar of Beogh.
 25410 | Orc:2    | Found Ycienien's Antique Armour Boutique.
 25495 | Orc:2    | Found a roughly hewn altar of Beogh.
 25590 | Orc:2    | Found a roughly hewn altar of Beogh.
 25597 | Orc:2    | Found a staircase to the Elven Halls.
 25779 | Orc:2    | Bought a potion of degeneration for 14 gold pieces
 25804 | Orc:2    | Bought a potion of heal wounds for 70 gold pieces
 25804 | Orc:2    | Bought a potion of curing for 42 gold pieces
 25804 | Orc:2    | Bought a potion of heal wounds for 70 gold pieces
 25804 | Orc:2    | Bought a potion of haste for 140 gold pieces
 25897 | Orc:2    | Bought a runed hat for 210 gold pieces
 26021 | D:11     | Got a jewelled long sword
 26025 | D:11     | Identified the cursed +3 long sword of Desperation {flame, Str+3} (You found it on level 11 of the Dungeon)
 26069 | D:11     | Learned a level 6 spell: Poison Arrow
 26391 | D:11     | Reached XP level 15. HP: 82/95 MP: 19/32
 27133 | D:12     | Got a faintly glowing ring mail
 27145 | D:12     | Identified the +1 ring mail of Byomili {rC+} (You found it on level 12 of the Dungeon)
 28367 | D:13     | Found a portal to a secret trove of treasure.
 29104 | D:13     | Got a bloodstained helmet
 29118 | D:13     | Identified the cursed -6 helmet of Resilience {rPois rF- rC++} (You found it on level 13 of the Dungeon)
 29562 | D:13     | Found a gate to the Vaults.
 29687 | D:14     | You are sucked into a shaft!
 29687 | D:15     | Entered Level 15 of the Dungeon
 29698 | D:15     | Paralysed by a floating eye for 3 turns
 29703 | D:15     | Paralysed by a floating eye for 2 turns
 30049 | D:14     | Found a labyrinth entrance.
 30067 | Lab      | Entered a labyrinth
 30534 | Lab      | Found an exit through the horrors of the Abyss.
 30627 | Lab      | Got a dazzling great mace {crush}
 30824 | D:14     | Reached skill level 12 in Conjurations
 31134 | D:14     | Offered knowledge of Iron Shot by Vehumet.
 31616 | D:15     | Found a staircase to the Depths.
 31638 | D:15     | Paralysed by a floating eye for 4 turns
 31653 | D:15     | Paralysed by a floating eye for 3 turns
 31658 | D:15     | Found a basalt altar of Yredelemnul.
 31745 | D:15     | Paralysed by a hornet for 1 turns
 31776 | D:15     | Noticed toffzen's ghost (journeyman VSBe)
 31961 | D:15     | Got a scorched glass ring
 31963 | D:15     | Identified the ring of Acopt {rCorr +Blink rPois MR++ Dex+3} (You found it on level 15 of the Dungeon)
 31984 | D:15     | Noticed a tengu reaver
 31989 | D:15     | Killed a tengu reaver
 32094 | D:15     | Reached skill level 1 in Charms
 32610 | D:15     | Reached skill level 13 in Conjurations
 32951 | D:15     | Noticed a tengu reaver
 32955 | D:15     | Killed a tengu reaver
 32955 | D:15     | Reached XP level 16. HP: 103/103 MP: 10/33
 33404 | D:15     | Offered knowledge of Ozocubu's Refrigeration by Vehumet.
 33525 | D:15     | Got a wavering glass ring
 33528 | D:15     | Identified the ring of the Omega Point {MR+ Int+5} (You found it on level 15 of the Dungeon)
 33568 | D:15     | Killed toffzen's ghost
 33575 | D:15     | Found a sparkling altar of Nemelex Xobeh.
 33852 | D:15     | Noticed Azrael
 33856 | D:15     | Killed Azrael
 33856 | D:15     | Reached skill level 14 in Conjurations
 34311 | D:15     | Found a burning altar of Makhleb.
 34495 | D:15     | Noticed Kirke
 34501 | D:15     | Killed Kirke
 34511 | D:15     | Got a scorched amber ring
 34515 | D:15     | Identified the ring of Jitairaa {+Fly rElec rN+} (You found it on level 15 of the Dungeon)
 34722 | Swamp:1  | Entered Level 1 of the Swamp
 34722 | Swamp:1  | Noticed Aizul
 34728 | Swamp:1  | Killed Aizul
 34730 | Swamp:1  | Reached skill level 5 in Charms
 35418 | Swamp:1  | Reached skill level 15 in Conjurations
 35669 | Swamp:1  | You are sucked into a shaft!
 35850 | Swamp:2  | Offered knowledge of Freezing Cloud by Vehumet.
 36845 | Swamp:3  | Got a jewelled bardiche
 36869 | Swamp:3  | Identified the +2 bardiche "Xuziv" {freeze, Str+4} (You found it on level 3 of the Swamp)
 37659 | Swamp:4  | Entered Level 4 of the Swamp
 37751 | Swamp:4  | Noticed a thorn hunter
 37757 | Swamp:4  | Killed a thorn hunter
 37757 | Swamp:4  | Reached skill level 16 in Conjurations
 37826 | Swamp:4  | Noticed a thorn hunter
 37833 | Swamp:4  | Killed a thorn hunter
 37925 | Swamp:4  | Reached XP level 17. HP: 109/109 MP: 36/36
 38092 | Swamp:4  | Noticed Donald
 38097 | Swamp:4  | Killed Donald
 38363 | Swamp:4  | Learned a level 7 spell: Ring of Flames
 38782 | Swamp:4  | Reached skill level 17 in Conjurations
 39108 | Swamp:4  | Got a decaying rune of Zot
 39301 | Snake:1  | Entered Level 1 of the Snake Pit
 41439 | Snake:2  | Found an iron altar of Okawaru.
 41622 | Snake:2  | Found Keenaj's Jewellery Emporium.
 41623 | Snake:2  | Found Dusenoe's Gadget Shop.
 41625 | Snake:2  | Found Yjoacwina's Jewellery Emporium.
 41686 | Snake:2  | Got a slimy helmet
 41687 | Snake:2  | Identified the +0 helmet of the Lonely Continents {Int+4} (You found it on level 2 of the Snake Pit)
 42575 | Snake:3  | Reached skill level 10 in Charms
 42885 | Snake:3  | Reached XP level 18. HP: 105/116 MP: 37/37
 43131 | Snake:4  | Entered Level 4 of the Snake Pit
 45414 | Snake:4  | Reached skill level 15 in Dodging
 45915 | Snake:4  | Got a serpentine rune of Zot
 45985 | Snake:4  | Reached skill level 15 in Fire Magic
 46062 | Snake:4  | Reached skill level 15 in Spellcasting
 46491 | Snake:4  | Reached XP level 19. HP: 98/122 MP: 40/40
 46971 | Vaults:1 | Entered Level 1 of the Vaults
 47737 | Vaults:1 | Reached skill level 15 in Charms
 48180 | Vaults:1 | Offered knowledge of Fire Storm by Vehumet.
 48180 | Vaults:1 | Offered knowledge of Shatter by Vehumet.
 48180 | Vaults:1 | Offered knowledge of Ignition by Vehumet.
 49172 | Vaults:2 | Noticed Gargoyl's ghost (adept MiAK)
 49193 | Vaults:2 | Killed Gargoyl's ghost
 49555 | Vaults:2 | Found a staircase to the Crypt.
 50328 | Vaults:2 | Reached skill level 18 in Conjurations
 50640 | Vaults:2 | Reached XP level 20. HP: 102/130 MP: 37/42
 50658 | Vaults:2 | Noticed a golden dragon
 50836 | Vaults:2 | Killed a golden dragon
 50872 | Vaults:2 | Found Adim's Antique Armour Shoppe.
 50886 | Vaults:2 | Bought a pair of embroidered gloves for 217 gold pieces
 52834 | Vaults:4 | Learned a level 8 spell: Ignition
 53305 | Vaults:4 | Noticed Mara
 53311 | Vaults:4 | Killed Mara
 53481 | Vaults:4 | Reached skill level 19 in Conjurations
 53698 | Vaults:4 | Noticed Sojobo
 53810 | Vaults:4 | Killed Sojobo
 53810 | Vaults:4 | Reached XP level 21. HP: 73/136 MP: 1/45
 54002 | Vaults:4 | Noticed Jory
 54007 | Vaults:4 | Killed Jory
 54289 | Vaults:4 | Found a gateway to a bazaar.
 54519 | Vaults:3 | Reached skill level 15 in Fighting
 55202 | Bazaar   | Entered a bazaar
 55306 | Bazaar   | Found Veacvuh's Book Shoppe.
 55329 | Bazaar   | Found Afa Rov's Gadget Shoppe.
 55350 | Bazaar   | Found Zaza's Food Emporium.
 55385 | Bazaar   | Bought a bread ration for 65 gold pieces
 55385 | Bazaar   | Bought a bread ration for 65 gold pieces
 55413 | Bazaar   | Bought a book of the Warp for 1080 gold pieces
 55531 | Vaults:5 | Entered Level 5 of the Vaults
 55888 | Vaults:5 | HP: 1/138 [vault warden/enchanted dire flail (25)]
 56273 | Vaults:5 | Reached skill level 5 in Translocations
 56831 | Vaults:5 | Reached skill level 20 in Conjurations
 56894 | Vaults:5 | Reached XP level 22. HP: 133/144 MP: 41/46
 57013 | Vaults:5 | Got a bloodstained buckler
 57066 | Vaults:5 | Identified the cursed -1 buckler of Reqil {rPois Str-3 Int+2} (You found it on level 5 of the Vaults)
 57114 | Vaults:5 | Noticed Xtahua
 57118 | Vaults:5 | Killed Xtahua
 57128 | Vaults:5 | Got a scintillating glass ring
 57556 | Vaults:5 | Gained mutation: Armour fits poorly on your strangely shaped body. [a shining eye]
 58250 | Vaults:5 | Got a slimy glass ring
 58762 | Elf:1    | Entered Level 1 of the Elven Halls
 58795 | Elf:1    | Identified the ring "Kuha" {rPois rF+ MR+ Int+3 SInv} (You took it off a vault warden on level 5 of the Vaults)
 58796 | Elf:1    | Identified the ring "Rolelu" {rPois rN+++ MR++ MP-9} (You took it off a yaktaur on level 5 of the Vaults)
 60098 | Elf:2    | Found Foshut's Magic Scroll Shop.
 60290 | Elf:2    | Found Desekeoq's Food Boutique.
 60655 | Elf:2    | Found Xateu's Food Boutique.
 60791 | Elf:2    | Found a runed gate.
 60791 | Elf:2    | Found a runed gate.
 60791 | Elf:2    | Found a runed gate.
 61640 | Elf:2    | Bought a royal jelly for 22 gold pieces
 61688 | Elf:3    | Entered Level 3 of the Elven Halls
 62579 | Elf:3    | Reached XP level 23. HP: 124/150 MP: 13/47
 63512 | Elf:3    | Reached skill level 21 in Conjurations
 63652 | Elf:3    | Reached skill level 10 in Translocations
 64583 | Elf:3    | Identified the Collected Works on Malediction
 64646 | Elf:3    | Identified the Almanac of Weightlessness and Confrontation
 64665 | Elf:3    | Learned a level 1 spell: Apportation
 64722 | Elf:3    | Identified a scroll of acquirement
 64725 | Elf:3    | Got a faintly glowing cloak
 64726 | Elf:3    | Identified the -1 cloak of Trog's Approval {rPois MP-9 Str+4} (You acquired it on level 3 of the Elven Halls)
 65153 | Depths:1 | Entered Level 1 of the Depths
 66376 | Depths:1 | Found a gateway to Hell.
 67394 | Depths:2 | Reached XP level 24. HP: 142/158 MP: 29/47
 68327 | Depths:2 | Identified Sif Muna's Incunabulum of Summoning and Flight
 68628 | Depths:3 | Reached skill level 22 in Conjurations
 70360 | Depths:3 | Noticed Louise
 70361 | Depths:3 | Killed Louise
 70428 | Depths:3 | Found a one-way gate to the infinite horrors of the Abyss.
 70907 | Depths:3 | Found a one-way gate leading to the halls of Pandemonium.
 71758 | Depths:3 | Identified Gatog's Almanac of Frigorific Attacks
 71768 | Depths:3 | Learned a level 7 spell: Spellforged Servitor
 72491 | Depths:4 | Noticed Boris
 72496 | Depths:4 | Killed Boris
 73167 | Depths:4 | Got a blackened cloak
 73178 | Depths:4 | Identified the +4 cloak of the Kraken {Str-4 Int+7} (You found it on level 4 of the Depths)
 73232 | Depths:4 | Got a sparkling turquoise ring
 73236 | Depths:4 | Got a fine leather armour
 73248 | Depths:4 | Identified the +1 leather armour of the Wasteland {MR- rCorr Int+7} (You found it on level 4 of the Depths)
 73283 | Depths:4 | Identified the ring of Patience {*Contam Int+3 Dex+8 Slay+3} (You found it on level 4 of the Depths)
 73308 | Depths:4 | Got a distressingly furry scale mail
 73309 | Depths:4 | Identified the +6 scale mail of the Gusle {rC- rN+ Int+6} (You found it on level 4 of the Depths)
 74381 | Depths:5 | Entered Level 5 of the Depths
 74471 | Depths:5 | Reached skill level 5 in Summonings
 74618 | Depths:5 | Reached XP level 25. HP: 151/163 MP: 31/47
 75317 | Depths:5 | Found Pevon's Jewellery Shop.
 75359 | Depths:5 | Found a gateway to a ziggurat.
 75533 | Depths:5 | Reached skill level 23 in Conjurations
 75929 | Depths:5 | Lost mutation: Your mind is acute. (Int +2) [potion of mutation]
 75929 | Depths:5 | Lost mutation: Armour fits poorly on your strangely shaped body. [potion of mutation]
 75929 | Depths:5 | Lost mutation: Potions are less effective at restoring your health. [potion of mutation]
 75929 | Depths:5 | Lost mutation: You are partially covered in rugged brown scales. (AC +1, +3% HP) [potion of mutation]
 75929 | Depths:5 | Gained mutation: You have sharp toenails. [potion of mutation]
 75929 | Depths:5 | Gained mutation: You possess an exceptional clarity of mind. [potion of mutation]
 76063 | Depths:5 | Found Zeshrarch's Weapon Shop.
 76574 | Depths:5 | Found a gate to the Realm of Zot.
 78258 | Vaults:5 | Got a silver rune of Zot
 79289 | Slime:1  | Entered Level 1 of the Pits of Slime
 81151 | Depths:5 | Learned a level 7 spell: Orb of Destruction
 81223 | Zot:1    | Entered Level 1 of the Realm of Zot
 81610 | Zot:1    | Reached skill level 10 in Summonings
 81798 | Zot:1    | Reached XP level 26. HP: 154/164 MP: 46/48
 84649 | Zot:2    | Noticed an orb of fire
 84649 | Zot:2    | Noticed an orb of fire
 84650 | Zot:2    | Gained mutation: Your body sometimes deteriorates upon taking damage. [an orb of fire]
 84652 | Zot:2    | Gained mutation: Your magical capacity is low. (-10% MP) [an orb of fire]
 84654 | Zot:2    | Lost mutation: You possess an exceptional clarity of mind. [an orb of fire]
 84662 | Zot:2    | Gained mutation: Scrolls take you a little longer to read. [an orb of fire]
 84669 | Zot:2    | Killed an orb of fire
 85069 | Zot:2    | Gained mutation: Your body often deteriorates upon taking damage. [an orb of fire]
 85085 | Zot:2    | Killed an orb of fire
 86813 | Zot:3    | Noticed an orb of fire
 86816 | Zot:3    | Gained mutation: Armour fits poorly on your strangely shaped body. [an orb of fire]
 86825 | Zot:3    | Gained mutation: Potions are less effective at restoring your health. [an orb of fire]
 86827 | Zot:3    | Gained mutation: You expend magic power (3 MP) to strengthen your wands. [an orb of fire]
 86837 | Zot:3    | Gained mutation: You are partially covered in yellow scales. (AC +2) [an orb of fire]
 86842 | Zot:3    | Killed from afar by an orb of fire

Skill      XL: |  1  2  3  4  5  6  7  8  9 10 11 12 13 14 15 16 17 18 19 20 21 22 23 24 25 26 |
---------------+-------------------------------------------------------------------------------+-----
Conjurations   | 2 3 4 5 9 11 13 16 17 18 19 20 21 22 23 | 23.7
Dodging        | 3 4 6 8 10 11 12 13 14 15 16 17 | 17.9
Spellcasting   | 5 7 9 11 13 15 16 18 19 | 19.1
Air Magic      | 1 2 |  2.2
Poison Magic   | 1 2 3 4 5 7 9 |  9.6
Fire Magic     | 1 2 3 4 6 8 11 12 13 14 15 16 17 18 19 21 22 | 22.2
Fighting       | 2 4 5 7 8 9 10 11 12 13 14 15 16 17 19 | 19.4
Stealth        | 6 7 |  7.0
Shields        | 3 4 |  4.8
Armour         | 4 7 8 |  8.1
Charms         | 3 5 10 14 15 | 15.2
Translocations | 5 9 11 12 | 12.5
Summonings     | 5 10 | 10.5

Action                   |  1- 3 |  4- 6 |  7- 9 | 10-12 | 13-15 | 16-18 | 19-21 | 22-24 | 25-27 || total
-------------------------+-------+-------+-------+-------+-------+-------+-------+-------+-------++-------
Melee: Staff             |       |       |     1 |    12 |     9 |    11 |     5 |    16 |     1 ||    55
       Demon whip        |       |       |       |       |       |       |       |       |    11 ||    11
 Cast: Magic Dart        |    83 |   116 |   450 |   625 |  1057 |  1082 |   412 |   370 |    10 ||  4205
       Call Imp          |     1 |    20 |    86 |   158 |     2 |       |       |       |       ||   267
       Mephitic Cloud    |       |     2 |    27 |    14 |     5 |       |     2 |       |       ||    50
       Blink             |       |       |     7 |    11 |    20 |     5 |     2 |     1 |     4 ||    50
       Olgreb's Toxic Ra |       |       |     6 |    45 |    95 |    16 |    52 |     7 |       ||   221
       Iskenderun's Batt |       |       |       |    42 |   215 |   228 |   126 |   175 |    18 ||   804
       Conjure Flame     |       |       |       |     4 |       |       |       |       |       ||     4
       Bolt of Fire      |       |       |       |       |    98 |   192 |   366 |   524 |   232 ||  1412
       Poison Arrow      |       |       |       |       |    13 |    47 |    32 |   115 |    40 ||   247
       Ring of Flames    |       |       |       |       |       |       |     4 |       |     3 ||     7
       Ignition          |       |       |       |       |       |       |     4 |    18 |    35 ||    57
       Spellforged Servi |       |       |       |       |       |       |       |    21 |    86 ||   107
       Orb of Destructio |       |       |       |       |       |       |       |       |    98 ||    98
Evoke: Wand              |       |       |       |       |       |       |       |     2 |       ||     2
  Use: Scroll            |       |     6 |     3 |     9 |    16 |    12 |    12 |    15 |    21 ||    94
       Potion            |       |     2 |     1 |     4 |       |     2 |    14 |     2 |    18 ||    43
  Eat: Chunk             |     2 |     4 |    13 |    24 |    46 |    30 |    17 |    31 |    18 ||   185
       Meat ration       |       |       |     1 |     2 |     5 |     4 |     3 |     1 |     2 ||    18
       Royal jelly       |       |       |       |       |    11 |     9 |     1 |     9 |     2 ||    32
       Bread ration      |       |       |       |       |     1 |       |       |       |     1 ||     2
       Fruit             |       |       |       |       |       |     3 |       |     2 |     3 ||     8
Armor: Robe              |     3 |     9 |    31 |    14 |    67 |       |       |       |       ||   124
       Leather armour    |       |       |    16 |    69 |       |       |       |       |       ||    85
       Ring mail         |       |       |       |       |    60 |   168 |    82 |    53 |       ||   363
       Scale mail        |       |       |       |       |       |       |       |     3 |    89 ||    92
Dodge: Dodged            |    11 |    12 |   121 |   227 |   383 |   313 |   245 |   224 |   103 ||  1639
Block: Buckler           |       |       |       |    21 |   171 |   179 |    90 |    92 |    50 ||   603
